 Dungeon Crawl Stone Soup version 0.20.1-1-g8b1a95d (webtiles) character file.

2461 Irenicus the Cleaver (level 9, -2/81 HPs)
             Began as a Deep Dwarf Monk on Oct 31, 2017.
             Was a Believer of Makhleb.
             Engulfed by a steam dragon's steam (7 damage)
             ... on level 8 of the Dungeon.
             The game lasted 00:18:13 (5517 turns).

Irenicus the Cleaver (Deep Dwarf Monk)              Turns: 5517, Time: 00:18:14

Health: -2/81      AC:  9    Str: 14 (15) XL:     9   Next: 26%
Magic:  8/8        EV: 14    Int: 11      God:    Makhleb [**....]
Gold:   148        SH:  0    Dex: 16 (18) Spells: 8/8 levels left

rFire    . . .     SeeInvis +   a - +0 hand axe
rCold    . . .     Gourm    .   (no shield)
rNeg     . . .     Faith    .   q - +0 ring mail
rPois    .         Spirit   .   j - +1 helmet
rElec    .         Reflect  .   (no cloak)
rCorr    .         Harm     .   s - +0 pair of gloves (curse)
MR       +....                  (no boots)
Stlth    ++........             (no amulet)
Regen    0.0/turn               u - ring of see invisible
MPRegen  0.2/turn               w - +2 ring of evasion

@: non-regenerating
A: damage resistance, heal wounds, sense surroundings 2, no regeneration
a: Heal Wounds, Minor Destruction, Renounce Religion


You were on level 8 of the Dungeon.
You worshipped Makhleb.
Makhleb was pleased with you.
You were not hungry.

You visited 2 branches of the dungeon, and saw 9 of its levels.

You collected 148 gold pieces.

Inventory:

Hand Weapons
 a - a +0 hand axe (weapon)
Armour
 b - a +0 robe
 e - a +0 buckler
 g - a +0 leather armour
 j - a +1 helmet (worn)
 l - a +2 shield
 q - a +0 ring mail (worn)
 s - a cursed +0 pair of gloves (worn)
Jewellery
 h - an uncursed amulet of magic regeneration
 u - a ring of see invisible (left hand)
 w - a +2 ring of evasion (right hand)
Scrolls
 d - 3 scrolls of remove curse
 k - 6 scrolls of immolation
 n - 4 scrolls of teleportation
 o - 3 scrolls of identify
 p - 3 scrolls of amnesia
 r - 2 scrolls of fear {unknown}
 t - a scroll of random uselessness {unknown}
 x - a scroll of fog {unknown}
Potions
 m - a potion of berserk rage {unknown}
 v - a potion of magic {unknown}
Comestibles
 c - 6 bread rations
 f - 5 fruits
 i - a royal jelly


   Skills:
 - Level 5.0 Fighting
 - Level 11.2 Axes
 - Level 4.2 Armour
 - Level 3.2 Dodging
 - Level 2.4 Stealth
 + Level 5.6 Invocations


You had 8 spell levels left.
You didn't know any spells.

Dungeon Overview and Level Annotations

Branches:
Dungeon (8/15)             Temple (1/1) D:6
   Lair: D:8-11

Altars:
Ashenzari
Dithmenos
Elyvilon
Fedhas
Gozag
Hepliaklqana
Kikubaaqudgha
Makhleb
Nemelex Xobeh
Okawaru
Ru
Sif Muna
Trog
Vehumet
Xom
Yredelemnul
Zin
The Shining One

Shops:
D:6 }

Annotations:
D:3 Grinder, Sigmund
D:5 2 transporters


Innate Abilities, Weirdness & Mutations

You are resistant to damage.
You can heal yourself by infusing magical energy.
You passively map the area around you.
You do not regenerate.


Message History

The centaur zombie is almost destroyed.
The centaur zombie hits you.
* * * LOW HITPOINT WARNING * * *
You hit the centaur zombie.
You destroy the centaur zombie!
Makhleb accepts your kill.
f - 5 fruits (gained 4)
A steam dragon comes into view.
A steam dragon is nearby!
A steam dragon is nearby!
The steam dragon hisses angrily.
The steam dragon bites you but does no damage.
The steam dragon misses you.
You hit the steam dragon but do no damage.
The steam dragon breathes steam at you. The ball of steam hits you!
* * * LOW HITPOINT WARNING * * *
You hit the steam dragon but do no damage.
You are engulfed in a cloud of scalding steam.
You die...

#.# #.##.#
#.####.##.#
#######.........#
#.......####.####
#.####### #.# #.#
#.# **, #§# #.# ,
#§# #.# *, #@#
#.. , #D# **###*
#.. , , #### * *
, *, * * , , , *
*


You could see a steam dragon.

Vanquished Creatures
  Prince Ribbit (D:7)
  A hippogriff (D:7)
  The ghost of teton the Conjurer, an amateur DECj (D:3)
  Duvessa (D:5)
  A sky beast (D:7)
  An ogre (D:7)
  2 phantoms
  2 centaurs
  3 bullfrogs
  Dowan (D:5)
  2 scorpions
  2 crimson imps
  A bullfrog zombie (D:6)
  A quasit (D:4)
  A gnoll shaman (D:4)
  2 jellies
  A centaur zombie (D:8)
  3 hounds
  An orc priest (D:7)
  6 orc wizards
  An iguana (D:6)
  6 worker ants
  A hound skeleton (D:5)
  A worker ant zombie (D:5)
  9 gnolls (D:4)
  5 adders
  2 howler monkey skeletons
  A shadow imp (D:5)
  An ooze (D:2)
  An adder zombie (D:6)
  A worm (D:4)
  A dart slug (D:2)
  5 leopard geckos
  10 orcs
  3 ball pythons
  5 bats
  4 giant cockroaches
  3 goblins
  6 hobgoblins
  19 jackals
  7 kobolds
  2 quokkas
  8 frilled lizards
  5 rats
141 creatures vanquished.

Notes
Turn   | Place    | Note
-------+----------+-------------------------------------------
     0 | D:1      | Irenicus the Deep Dwarf Monk began the quest for the Orb.
     0 | D:1      | Reached XP level 1. HP: 20/20 MP: 1/1
   114 | D:1      | Reached XP level 2. HP: 24/27 MP: 2/2
   133 | D:1      | Reached skill level 4 in Axes
   534 | D:2      | Found a sacrificial altar of Ru.
   579 | D:2      | Reached XP level 3. HP: 21/33 MP: 3/3
   739 | D:2      | Reached skill level 5 in Axes
   874 | D:3      | Reached XP level 4. HP: 21/40 MP: 4/4
   922 | D:3      | Found a glowing silver altar of Zin.
  1125 | D:3      | Noticed teton's ghost (amateur DECj)
  1154 | D:3      | Killed teton's ghost
  1154 | D:3      | Reached skill level 7 in Axes
  1154 | D:3      | Reached XP level 5. HP: 26/46 MP: 5/5
  1187 | D:3      | Noticed Grinder
  1188 | D:3      | Noticed a centaur
  1189 | D:3      | Noticed Sigmund
  1208 | D:3      | Killed a centaur
  1208 | D:3      | Reached XP level 6. HP: 38/55 MP: 5/5
  1361 | D:4      | Reached skill level 8 in Axes
  1560 | D:5      | Entered Level 5 of the Dungeon
  1626 | D:5      | Found a transporter.
  1629 | D:5      | Noticed a yaktaur
  1630 | D:5      | Found a bloodstained altar of Trog.
  1630 | D:5      | Found a transporter.
  1762 | D:6      | Found a staircase to the Ecumenical Temple.
  1771 | Temple   | Entered the Ecumenical Temple
  1842 | Temple   | Became a worshipper of Makhleb the Destroyer
  1842 | Temple   | Reached * piety under Makhleb
  1842 | Temple   | Reached ** piety under Makhleb
  1959 | D:5      | Reached XP level 7. HP: 7/61 MP: 4/4
  2496 | D:4      | Reached skill level 9 in Axes
  3103 | D:5      | Reached skill level 10 in Axes
  3306 | D:5      | Noticed Dowan
  3309 | D:5      | Noticed Duvessa
  3350 | D:5      | Killed Duvessa
  3350 | D:5      | Reached XP level 8. HP: 35/68 MP: 4/4
  3355 | D:5      | Killed Dowan
  4006 | D:6      | Reached skill level 11 in Axes
  4182 | D:6      | Reached skill level 1 in Armour
  4413 | D:6      | Found Wiloot's Gadget Emporium.
  5069 | D:7      | Noticed a hippogriff
  5095 | D:7      | Killed a hippogriff
  5101 | D:7      | Noticed Prince Ribbit
  5113 | D:7      | Reached skill level 5 in Fighting
  5129 | D:7      | Reached skill level 1 in Invocations
  5129 | D:7      | Gained mutation: You passively map the area around you. [Deep Dwarf growth]
  5129 | D:7      | Reached XP level 9. HP: 21/81 MP: 5/5
  5149 | D:7      | Killed Prince Ribbit
  5405 | D:7      | Reached skill level 5 in Invocations
  5517 | D:8      | Engulfed by a steam dragon's steam

Skill      XL: |  1  2  3  4  5  6  7  8  9 |
---------------+----------------------------+-----
Axes           | 4 5 7 8 10 11 | 11.2
Armour         | 4 |  4.2
Fighting       | 5 |  5.0
Invocations    | 1 5 |  5.6
Dodging        | |  3.2
Stealth        | |  2.4

Action                   |  1- 3 |  4- 6 |  7- 9 || total
-------------------------+-------+-------+-------++-------
Melee: Hand axe          |   144 |   199 |   533 ||   876
Invok: Minor Destruction |       |       |     3 ||     3
 Abil: Heal Wounds       |       |     4 |    12 ||    16
  Use: Potion            |       |     2 |     2 ||     4
       Scroll            |       |     3 |     3 ||     6
 Stab: Sleeping          |     2 |       |     1 ||     3
  Eat: Chunk             |       |     1 |     8 ||     9
       Royal jelly       |       |     1 |       ||     1
       Bread ration      |       |       |     1 ||     1
Armor: Robe              |     8 |       |       ||     8
       Leather armour    |    33 |    27 |    73 ||   133
       Ring mail         |       |       |    71 ||    71
Dodge: Dodged            |   104 |   109 |   357 ||   570
